 Dungeon Crawl Stone Soup version 0.28-a0-1444-g6c55d0bc0c (webtiles) character file.

Game seed: 6694830049557544576

1 Essalna the Firebug (level 1, 0/13 HPs)
             Began as a Demonspawn Fire Elementalist on Jan 10, 2022.
             Slain by a quokka (3 damage)
             ... on level 1 of the Dungeon.
             The game lasted 00:00:41 (210 turns).

Essalna the Firebug (Demonspawn Fire Elementalist)   Turns: 210, Time: 00:00:42

Health: 0/13       AC:  2    Str:  8    XL:     1   Next: 16%
Magic:  3/3        EV: 12    Int: 16    God:
Gold:   4          SH:  0    Dex: 13    Spells: 3/4 levels left

rFire   . . .      SeeInvis .   b - staff of cold
rCold   + . .      Faith    .   (no shield)
rNeg    . . .      Spirit   .   a - +0 robe
rPois   .          Reflect  .   (no helmet)
rElec   .          Harm     .   (no cloak)
rCorr   .          Rampage  .   (no gloves)
Will    .....                   (no boots)
Stlth   ++........              (no amulet)
HPRegen 0.04/turn               (no ring)
MPRegen 0.08/turn               (no ring)

@: no status effects
A: no striking features
a: no special abilities


You were on level 1 of the Dungeon.
You visited 1 branch of the dungeon, and saw 1 of its levels.

You collected 4 gold pieces.

Inventory:

Armour
 a - a +0 robe (worn)
Magical Staves
 b - a staff of cold (weapon)
Scrolls
 c - a scroll of enchant weapon {unknown}
 d - a scroll of noise {unknown}


   Skills:
 - Level 1.7 Dodging
 - Level 1.7 Stealth
 + Level 2.0 Spellcasting
 + Level 1.0 Conjurations
 + Level 2.7 Fire Magic


You had 3 spell levels left.
You knew the following spells:

 Your Spells              Type           Power      Damage    Failure   Level
a - Foxfire               Conj/Fire      28%        2x1d5     10%         1

Your spell library contained the following spells:

 Spells                   Type           Power      Damage    Failure   Level
 Scorch                   Fire           20%        2d6       11%         2
 Sandblast                Erth           2%         2d4       21%         1
 Conjure Flame            Conj/Fire      7%         6-21      28%         3
 Passwall                 Tmut/Erth      0%         N/A       30%         2
 Inner Flame              Hex/Fire       5%         N/A       34%         3
 Stone Arrow              Conj/Erth      6%         3d7       45%         3
 Flame Wave               Conj/Fire      7%         2d4       67%         4


Dungeon Overview and Level Annotations

Branches:
Dungeon (1/15)

Altars:


Message History

d - a scroll labelled NULLIQ KUGEXI You open the door.
Found a dagger.
There is an open door here.
You open the door.
There is an open door here.
There is an open door here.
There is an open door here.
You see here a rat corpse.
A frilled lizard comes into view.
Save game and exit?
Welcome back, Essalna the Demonspawn Fire Elementalist.
Press ? for a list of commands and other information.
Unknown command.
A bat and a quokka come into view.
The frilled lizard hisses angrily.
The bat barely misses you. The bat closely misses you.
The bat barely misses you.
The frilled lizard bites you but does no damage.
The quokka bites you but does no damage.
The frilled lizard bites you. The quokka bites you.
The bat hits you but does no damage. The frilled lizard bites you.
The quokka misses you. The bat hits you but does no damage.
The frilled lizard misses you. The quokka barely misses you.
The bat barely misses you. The quokka completely misses you.
The frilled lizard closely misses you. The quokka barely misses you.
The frilled lizard misses you. The bat hits you but does no damage.
The quokka closely misses you. The bat completely misses you.
The frilled lizard bites you but does no damage.
The quokka barely misses you. The frilled lizard bites you. The bat hits you.
* * * LOW HITPOINT WARNING * * *
The quokka barely misses you. The bat barely misses you.
The frilled lizard closely misses you. The quokka closely misses you.
The quokka bites you.
You die...

.#..<..#.# .#.....#.#
.#.....#.#####
.#.....#......
.#.....#..####
..........####
.............####### #
############..#....#...#
# ##...@l...... #
####rb...... #........ #
#........ # #........ #
### #........ # #.#
#........ ###.#
########+ '...#


You could see a quokka, a bat and a frilled lizard.

Vanquished Creatures
  A kobold (D:1)
  A rat (D:1)
2 creatures vanquished.

Vanquished Creatures (others)
  3 foxfires (D:1)
3 creatures vanquished.

Grand Total: 5 creatures vanquished

Notes
Turn   | Place    | Note
-------+----------+-------------------------------------------
     0 | D:1      | Essalna the Demonspawn Fire Elementalist began the quest
                  | for the Orb.
     0 | D:1      | Reached XP level 1. HP: 13/13 MP: 3/3
   210 | D:1      | Slain by a quokka

Illustrated notes

Levels and vault maps discovered:
D:1:      minmay_arrival_semitransparent, layout_basic

Action                   || total
-------------------------++-------
Melee: Staff             ||     2
 Cast: Foxfire           ||     2
Armor: Robe              ||     7
Dodge: Dodged            ||    19

Table legend: (Time is in decaauts)
 A = Elapsed time spent in this place.
 B = Non-inter-level travel time spent in this place.
 C = Inter-level travel time spent in this place.
 D = Time resting spent in this place.
 E = Time spent auto-exploring this place.
 F = Levels seen in this place.
 G = Mean time per level.
                   A        B        C        D        E       F      G
               +--------+--------+--------+--------+--------+-----+--------+
         Total |    209 |    209 |      0 |      0 |    171 |   1 |  209.0 |
       Dungeon |    209 |    209 |      0 |      0 |    171 |   1 |  209.0 |
               +--------+--------+--------+--------+--------+-----+--------+

Top non-repeatable levels by time:
     D:1: 209 daAuts
